 Dungeon Crawl Stone Soup version 0.28.0-53-g5a82cb258f (webtiles) character file.

Game seed: 9452491652005393632

134 Zeld the Gusty (level 5, -2/28 HPs)
             Began as a Tengu Air Elementalist on May 20, 2022.
             Slain by a water moccasin (7 damage)
             ... in a sewer.
             The game lasted 00:03:25 (2932 turns).

Zeld the Gusty (Tengu Air Elementalist)             Turns: 2932, Time: 00:03:26

Health: -2/28      AC:  2    Str:  8    XL:     5   Next: 17%
Magic:  0/10       EV: 15    Int: 17    God:
Gold:   12         SH:  0    Dex: 15    Spells: 3/9 levels left

rFire   . . .      SeeInvis .   (no weapon)
rCold   . . .      Faith    .   (no shield)
rNeg    . . .      Spirit   .   a - +0 robe
rPois   .          Reflect  .   (helmet restricted)
rElec   .          Harm     .   (no cloak)
rCorr   .          Rampage  .   (no gloves)
Will    .....                   (boots unavailable)
Stlth   ++........              (no amulet)
HPRegen 0.09/turn               (no ring)
MPRegen 0.12/turn               (no ring)

@: lethally poisoned (-2 -> -6), flying quickly and evasively, quick
A: beak, talons 3, nimble flight
a: no special abilities


You were in a sewer.
You visited 1 branch of the dungeon, and saw 3 of its levels.
You also visited: Sewer.

You collected 12 gold pieces.

Inventory:

Armour
 a - a +0 robe (worn)
Scrolls
 b - a scroll of teleportation {unknown}
 d - a scroll of enchant armour {unknown}
 e - 3 scrolls of identify {unknown}
 f - a scroll of vulnerability {unknown}
Potions
 c - 2 potions of cancellation {unknown}


   Skills:
 + Level 3.2 Dodging
 - Level 2.9 Stealth
 * Level 2.8 Spellcasting
 + Level 3.1 Conjurations
 * Level 4.9 Air Magic


You had 3 spell levels left.
You knew the following spells:

 Your Spells              Type           Power      Damage    Failure   Level
a - Shock                 Conj/Air       60%        1d6       3%          1
b - Static Discharge      Conj/Air       15%        N/A       5%          2
c - Swiftness             Air            19%        N/A       7%          3

Your spell library contained the following spells:

 Spells                   Type           Power      Damage    Failure   Level
 Airstrike                Air            9%         N/A       24%         4


Dungeon Overview and Level Annotations

Branches:
Dungeon (3/15)              Sewer (1/1)

Altars:
Xom


Innate Abilities, Weirdness & Mutations

You have a beak for a mouth.
You have claws for feet.
Your magical nature lets you fly swiftly and evasively.


Message History

You can't see any susceptible monsters within range! (Use Z to cast anyway.)
A water moccasin is nearby!
Found a scroll labelled IDIWEM SUNAR.
The water moccasin closely misses you.
Casting: Static Discharge (safe; 5% risk of failure)
Confirm with . or Enter, or press ? or * to list all spells.
The water moccasin is struck by an arc of lightning.
The water moccasin is lightly wounded.
The lightning grounds out.
The water moccasin bites you.
You are poisoned.
The water moccasin poisons you!
Casting: Static Discharge (safe; 5% risk of failure)
Confirm with . or Enter, or press ? or * to list all spells.
The water moccasin is struck by an arc of lightning.
The water moccasin is moderately wounded.
You are struck by an arc of lightning.
The lightning grounds out.
You feel very sick. The water moccasin bites you.
The water moccasin misses you.
Casting: Static Discharge (safe; 5% risk of failure)
Confirm with . or Enter, or press ? or * to list all spells.
The water moccasin is struck by an arc of lightning.
The water moccasin is heavily wounded.
The lightning grounds out.
You feel sick. The water moccasin misses you.
Unknown command.
Casting: Static Discharge (safe; 5% risk of failure)
Confirm with . or Enter, or press ? or * to list all spells.
The water moccasin is struck by an arc of lightning!
The water moccasin is severely wounded.
You are struck by an arc of lightning.
The lightning grounds out.
You feel sick. The water moccasin bites you.
* * * LOW HITPOINT WARNING * * *
Casting: Static Discharge (safe; 5% risk of failure)
Confirm with . or Enter, or press ? or * to list all spells.
The water moccasin is struck by an arc of lightning!
The water moccasin is almost dead.
You are struck by an arc of lightning.
* * * LOW HITPOINT WARNING * * *
The lightning grounds out.
* * * LOW HITPOINT WARNING * * *
You feel sick. The water moccasin bites you!
You die...

#...
#...#
#≈.#
##.≈# #..
#..# #.
#≈.#
##..#
#.≈.# #.
##≈.##
#...#...#
#..≈≈@##
#..≈.S#
##..≈##
#.≈≈
?.#.#
#=/#. ##
##


You could see a water moccasin.

Vanquished Creatures
  A necrophage (D:2)
  An adder (D:3)
  5 ball pythons
  An endoplasm (D:1)
  3 giant cockroaches
  2 goblins
  7 hobgoblins
  A jackal (Sewer)
  2 quokkas
  5 bats
  5 frilled lizards
  5 kobolds
  3 rats
41 creatures vanquished.

Vanquished Creatures (others)
  A plant (D:1)
1 creature vanquished.

Grand Total: 42 creatures vanquished

Notes
Turn   | Place    | Note
-------+----------+-------------------------------------------
     0 | D:1      | Zeld the Tengu Air Elementalist began the quest for the
                  | Orb.
     0 | D:1      | Reached XP level 1. HP: 10/10 MP: 4/4
   333 | D:1      | Reached XP level 2. HP: 15/15 MP: 0/6
   396 | D:1      | Learned a level 2 spell: Static Discharge
   399 | D:1      | Found a faded altar of an unknown god.
  1461 | D:2      | Noticed a necrophage
  1472 | D:2      | Reached XP level 3. HP: 12/19 MP: 4/7
  1852 | D:2      | Learned a level 3 spell: Swiftness
  2172 | D:2      | Found a shimmering altar of Xom.
  2379 | D:2      | Killed a necrophage
  2380 | D:2      | Reached XP level 4. HP: 18/24 MP: 0/9
  2380 | D:2      | Gained mutation: Your magical nature lets you fly swiftly
                  | and evasively. [Tengu growth]
  2380 | D:2      | Reached XP level 5. HP: 22/28 MP: 0/10
  2778 | D:3      | Found a glowing drain.
  2789 | Sewer    | Entered a sewer
  2925 | Sewer    | Noticed a water moccasin
  2932 | Sewer    | Slain by a water moccasin

Illustrated notes

Levels and vault maps discovered:
D:1:      tarquinn_simple_flora_water_f, layout_loops_ring,
          shapermc_ecumenical_altar_mp_urbaneastern, chequers_big_river,
          ebering_dispersal_statue_hall
D:2:      layout_rooms, basic_altar
D:3:      layout_basic, portal_sewer_entry_d, corexii_shack
Sewer:    sewer_the_moccasin

Skill      XL: |  1  2  3 |
---------------+----------+-----
Conjurations   | 2 3 |  3.1
Dodging        | 3 |  3.2
Stealth        | |  2.9
Spellcasting   | |  2.8
Air Magic      | |  4.9

Action                   |  1- 3 |  4- 6 || total
-------------------------+-------+-------++-------
Melee: Unarmed           |     8 |     4 ||    12
       Kick              |     3 |     2 ||     5
       Peck              |     1 |       ||     1
 Cast: Shock             |    45 |     5 ||    50
       Static Discharge  |    10 |    14 ||    24
Armor: Robe              |     3 |     2 ||     5
Dodge: Dodged            |    19 |    22 ||    41
